 Dungeon Crawl Stone Soup version 0.29.1-13-g9f3cf754e1 (webtiles) character file.

Game seed: 17959773773571154831

1718 fets63 the Skirmisher (level 9, -3/59 HPs)
             Began as an Octopode Hunter on Feb 7, 2023.
             Engulfed by a steam dragon's steam (4 damage)
             ... on level 6 of the Dungeon.
             The game lasted 00:29:11 (7716 turns).

fets63 the Skirmisher (Octopode Hunter)             Turns: 7716, Time: 00:29:11

Health: -3/59      AC:  1    Str: 11    XL:     9   Next: 4%
Magic:  14/14      EV: 13    Int: 11    God:
Gold:   284        SH:  0    Dex: 19    Spells: 13/15 levels left

rFire   . . .      SeeInvis +   c - +2 mace (vorpal)
rCold   + . .      Faith    .   (no shield)
rNeg    . . .      Spirit   .   (helmet restricted)
rPois   .          Reflect  .   (no amulet)
rElec   .          Harm     .   j - ring of willpower
rCorr   .          Rampage  .   m - ring of protection from cold
Will    +....                   v - ring of see invisible
Stlth   ++++......              (no ring)
HPRegen 0.19/turn               (no ring)
MPRegen 0.14/turn               (no ring)
                                (no ring)
                                (no ring)

@: mighty, studying Evocations
A: almost no armour, amphibious, 8 rings, camouflage 1, gelatinous body 1,
(nimble swimmer 1), tentacles
a: no special abilities


You were on level 6 of the Dungeon.
You visited 1 branch of the dungeon, and saw 6 of its levels.

You collected 284 gold pieces.

Inventory:

Hand Weapons
 a - a +0 shortbow
 b - a +0 falchion
 c - a +2 vorpal mace (weapon)
 f - a +0 dagger of freezing
 n - a +1 dagger of venom
 r - a +0 giant spiked club
Missiles
 t - 5 poisoned darts
Jewellery
 j - a ring of willpower (left tentacle)
 m - a ring of protection from cold (right tentacle)
 v - a ring of see invisible (on tentacle)
Wands
 w - a wand of polymorph (7)
Scrolls
 g - 4 scrolls of teleportation
 h - a scroll of amnesia
 l - a scroll of identify
 o - a scroll of enchant armour
 u - 2 scrolls of magic mapping {unknown}
Potions
 d - a potion of brilliance
 k - a potion of berserk rage
 p - a potion of heal wounds {unknown}
 q - a potion of cancellation {unknown}
 s - a potion of lignification {unknown}


   Skills:
 + Level 4.4 Fighting
 + Level 3.8 Maces & Flails
 + Level 8.8 Ranged Weapons
 - Level 2.1 Dodging
 + Level 3.6 Stealth
 * Level 3.6 Spellcasting
 * Level 2.3 Translocations


You had 13 spell levels left.
You knew the following spells:

 Your Spells              Type           Power      Damage    Failure   Level
a - Blink                 Tloc           14%        N/A       14%         2

Your spell library contained the following spells:

 Spells                   Type           Power      Damage    Failure   Level
 Apportation              Tloc           14%        N/A       10%         1
 Necrotise                Necr           8%         1d4       24%         1
 Summon Small Mammal      Summ           8%         N/A       24%         1
 Lesser Beckoning         Tloc           7%         N/A       28%         3
 Confusing Touch          Hex            2%         N/A       58%         3
 Iskenderun's Mystic Bla  Conj/Tloc      4%         2d3       83%         4
 Manifold Assault         Tloc           7%         N/A       95%         5
 Yara's Violent Unravell  Hex/Tmut       1%         3d3       100%        5
 Dispersal                Tloc           3%         N/A       100%        6
 Enfeeble                 Hex            1%         N/A       100%        7
 Storm Form               Tmut/Air       1%         N/A       100%        7
 Disjunction              Tloc           3%         N/A       100%        8


Dungeon Overview and Level Annotations

Branches:
Dungeon (6/15)
 Temple: D:4-7

Altars:
Ashenzari
Kikubaaqudgha
Okawaru
Qazlal
Ru
Sif Muna
Vehumet
Xom

Shops:
D:4 *

Annotations:
D:4 Natasha


Innate Abilities, Weirdness & Mutations

You cannot wear most types of armour.
You are amphibious.
You can wear up to eight rings at the same time.
Your skin changes colour to match your surroundings (Stealth+).
Your rubbery body absorbs attacks. (AC +1, EV +1)
((You are camouflaged when in or above water. (Stealth+)))
You have tentacles for arms and can constrict up to eight enemies at once.


Message History

The steam dragon breathes steam at you. The ball of steam hits you!
You barely miss the steam dragon.
The steam dragon is severely wounded.
You are engulfed in a cloud of scalding steam.
The steam dragon closely misses you. The steam dragon claws you.
You barely miss the steam dragon. You squeeze the steam dragon.
The steam dragon is severely wounded.
You are engulfed in a cloud of scalding steam.
The steam dragon breathes steam at you. The ball of steam misses you.
You hit the steam dragon but do no damage.
The steam dragon is severely wounded.
You are engulfed in a cloud of scalding steam.
The steam dragon bites you. The steam dragon closely misses you.
The steam dragon barely misses you. x2
You barely miss the steam dragon.
The steam dragon is severely wounded.
The steam dragon misses you. The steam dragon claws you.
You hit the steam dragon but do no damage.
The steam dragon is severely wounded.
You are engulfed in a cloud of scalding steam.
* * * LOW HITPOINT WARNING * * *
The steam dragon misses you. The steam dragon claws you.
* * * LOW HITPOINT WARNING * * *
You barely miss the steam dragon.
The steam dragon is severely wounded.
The steam dragon barely misses you. The steam dragon claws you.
* * * LOW HITPOINT WARNING * * *
You feel better. The steam dragon barely misses you.
The steam dragon closely misses you.
You feel very mighty all of a sudden. The steam dragon breathes steam at you.
The ball of steam hits you!
* * * LOW HITPOINT WARNING * * *
You hit the steam dragon but do no damage.
You squeeze the steam dragon!
The steam dragon is almost dead.
You are engulfed in a cloud of scalding steam.
You die...

.......÷....#.....#.......
.......#...##.....#.......
##.....#...##.....#.......
#.....#...##.....#.....##
#.....#..........#.....#.
#.....#..<.......+.....#.
#.....#...§......#.....#.
#.....#..§.......#.....#.
#.@........#.....#.
#D####...###.....## ....
###'#####+#....
.......#....#....#....
.........#....'....#....
.........#....#....'....
.........#....#....#....
.........###########....
#####


You could see a steam dragon (catching breath).

Vanquished Creatures
  Sigmund (D:3)
  A shadow (D:5)
  A black bear (D:4)
  3 ogres
  2 phantoms
  A scorpion (D:6)
  2 necrophages (D:6)
  4 orc priests
  3 jellies
  A hound (D:5)
  Jessica (D:2)
  Terence (D:3)
  Natasha (D:4)
  3 iguanas
  6 orc wizards
  A gnoll (D:4)
  7 adders
  2 worms (D:2)
  4 dart slugs
  21 orcs
  8 bats
  6 endoplasms
  2 giant cockroaches
  7 goblins
  6 hobgoblins
  A jackal (D:4)
  7 kobolds
  5 quokkas
  7 ball pythons
  4 frilled lizards
  9 rats
128 creatures vanquished.

Notes
Turn   | Place    | Note
-------+----------+-------------------------------------------
     0 | D:1      | fets63 the Octopode Hunter began the quest for the Orb.
     0 | D:1      | Reached XP level 1. HP: 14/14 MP: 1/1
    37 | D:1      | Reached XP level 2. HP: 19/19 MP: 2/2
    75 | D:1      | Found a faded altar of an unknown god.
   291 | D:1      | Reached XP level 3. HP: 24/24 MP: 3/3
   664 | D:2      | Noticed Jessica
   668 | D:2      | Killed Jessica
   669 | D:2      | Reached skill level 5 in Ranged Weapons
   669 | D:2      | Reached XP level 4. HP: 30/30 MP: 4/4
  1511 | D:3      | Noticed Terence
  1739 | D:3      | Killed Terence
  1740 | D:3      | Reached XP level 5. HP: 34/35 MP: 5/5
  1761 | D:3      | Noticed Sigmund
  1771 | D:3      | Killed Sigmund
  1772 | D:3      | Reached skill level 6 in Ranged Weapons
  1772 | D:3      | Reached skill level 1 in Spellcasting
  1772 | D:3      | Reached XP level 6. HP: 15/41 MP: 5/7
  2871 | D:4      | Noticed a black bear
  2879 | D:4      | Killed a black bear
  2880 | D:4      | Reached skill level 1 in Maces & Flails
  2880 | D:4      | Reached skill level 7 in Ranged Weapons
  2880 | D:4      | Reached XP level 7. HP: 46/46 MP: 7/9
  4013 | D:4      | Found a stormy altar of Qazlal.
  4031 | D:4      | Found Attuimoh's General Store.
  4305 | D:4      | Noticed Natasha
  4314 | D:4      | Killed Natasha
  4636 | D:4      | Learned a level 2 spell: Blink
  4730 | D:4      | Reached skill level 8 in Ranged Weapons
  4912 | D:4      | Reached XP level 8. HP: 51/52 MP: 11/11
  5256 | D:4      | Got the Writings on Displacement
  5310 | D:4      | Identified a scroll of acquirement
  5310 | D:4      | Acquired a manual of Evocations
  5313 | D:5      | Entered Level 5 of the Dungeon
  5998 | D:4      | Noticed Natasha
  6161 | D:5      | Found a faded altar of an unknown god.
  6161 | D:5      | Found a sacrificial altar of Ru.
  6169 | D:5      | Found a faded altar of an unknown god.
  6171 | D:5      | Found a shimmering altar of Xom.
  6173 | D:5      | Found an iron altar of Okawaru.
  6413 | D:5      | Found a shimmering blue altar of Sif Muna.
  6413 | D:5      | Found an ancient bone altar of Kikubaaqudgha.
  6415 | D:5      | Found a radiant altar of Vehumet.
  6479 | D:5      | Reached skill level 1 in Translocations
  6637 | D:5      | Noticed a shadow
  6646 | D:5      | Killed a shadow
  7140 | D:5      | Found a broken altar of Ashenzari.
  7579 | D:6      | Reached XP level 9. HP: 59/59 MP: 14/14
  7715 | D:6      | HP: 1/59 [steam dragon/ball of steam (17)]
  7716 | D:6      | Engulfed by a steam dragon's steam

Illustrated notes

Levels and vault maps discovered:
D:1:      moated_graveyard_arrival, layout_rooms,
          chequers_ecumenical_altar_island
D:2:      layout_loops_ring, minmay_fountain_box, kennysheep_pointless_box,
          hangedman_decor_slide_cut, uniq_jessica
D:3:      layout_basic, uniq_sigmund, uniq_terence
D:4:      minmay_bubble_buster, layout_basic, grunt_qazlal_sundering,
          serial_shops, kennysheep_mini_moat, uniq_natasha
D:5:      layout_basic, grunt_temple_overflow_magic_moments,
          mainiacjoe_overflow_boulevard, chequers_temple_overflow_minitemple
D:6:      layout_gridville, minmay_temple_entry_statues_pillars

Skill      XL: |  1  2  3  4  5  6  7  8 |
---------------+-------------------------+-----
Ranged Weapons | 5 6 7 8 |  8.8
Spellcasting   | 1 2 3 |  3.6
Fighting       | 3 4 |  4.4
Maces & Flails | 1 2 3 |  3.8
Stealth        | 2 3 |  3.6
Translocations | 2 |  2.3
Dodging        | |  2.1

Action                   |  1- 3 |  4- 6 |  7- 9 || total
-------------------------+-------+-------+-------++-------
Melee: Mace              |       |    11 |   146 ||   157
       Constrict         |       |     3 |    22 ||    25
       Tentacles         |       |     2 |    38 ||    40
       Shortbow          |       |       |     1 ||     1
       Punch             |       |       |     1 ||     1
 Fire: Shortbow          |    63 |   112 |    98 ||   273
Throw: Dart              |       |       |     1 ||     1
 Cast: Blink             |       |       |     1 ||     1
  Use: Scroll            |     4 |     2 |     6 ||    12
       Potion            |       |       |     4 ||     4
 Stab: Sleeping          |       |       |     2 ||     2
       Distracted        |       |       |     1 ||     1
Armor: Skin              |     1 |     4 |     8 ||    13
Dodge: Dodged            |     6 |    34 |    96 ||   136
